Map: [ESL] Inside and Out

Players

Dark - Winner!

  • Race: Zerg Zerg
  • Spawn Location: 1:00

herO

  • Race: Protoss Protoss
  • Spawn Location: 7:00

Event: DreamHack SC2 Masters 2022 Valencia

VOD

Have the link to the VOD?

Description

Time

  • Played on: July 3, 2022, 11:16 a.m.
  • Length: 12:36

All games in this series

Show
View Real Time Build Order
Export as new Build Order

Dark Zerg - Winner!

Build Orders: Hatch First 

Get SALT Encoding   

  12  0:00  Drone  
  13  0:12  Overlord  
  13  0:17  Drone  
  14  0:30  Drone x2  
  14  0:34  Drone  
  17  0:52  Hatchery  
  17  0:55  Drone  
  17  0:57  Drone  
  18  1:08  Drone  
  19  1:11  Extractor  
  18  1:21  Drone, Spawning Pool  
  18  1:28  Drone  
  19  1:39  Drone  
  20  1:49  Drone  
  21  2:08  Queen x2  
  21  2:09  Zergling x4  
  21  2:13  Metabolic Boost  
  27  2:16  Overlord  
  27  2:18  Drone  
  28  2:35  Drone  
  28  2:36  Drone x3  
  32  2:43  Hatchery  
  31  2:49  Queen  
  33  2:54  Overlord  
  33  2:56  Drone  
  34  3:02  Queen  
  36  3:12  Drone x4  
  40  3:15  Drone  
  40  3:19  Overlord  
  41  3:21  Drone  
  41  3:25  Queen  
  44  3:34  Overlord  
  44  3:38  Drone x3  
  44  3:40  Queen  
  49  3:43  Drone  
  49  3:47  Overlord  
  50  3:51  Spore Crawler  
  50  3:53  Drone x3  
  52  3:58  Queen  
  54  4:03  Spore Crawler, Drone  
  54  4:04  Drone  
  54  4:09  Drone x3  
  58  4:11  Drone  
  58  4:14  Overlord  
  59  4:17  Overlord  
  59  4:22  Overlord  
  59  4:25  Evolution Chamber  
  58  4:32  Queen  
  58  4:34  Drone x5  
  58  4:36  Zergling x2  
  66  4:41  Zergling x8  
  70  4:46  Drone x3  
  70  4:50  Drone x3  
  76  4:53  Zerg Melee Weapons Level 1  
  76  4:54  Drone  
  76  4:55  Drone  
  76  4:58  Drone  
  80  5:00  Drone x3  
  82  5:11  Baneling Nest, Extractor  
  82  5:12  Drone x4  
  81  5:14  Drone  
  81  5:19  Overlord  
  81  5:21  Extractor, Overlord  
  82  5:22  Extractor  
  82  5:25  Drone  
  82  5:26  Drone  
  82  5:27  Extractor  
  82  5:28  Drone  
  82  5:30  Overlord  
  82  5:33  Hatchery  
  80  5:36  Overlord  
  80  5:38  Drone x2  
  80  5:39  Drone  
  80  5:40  Drone x3  
  80  5:42  Drone x3  
  89  5:50  Lair, Hatchery  
  88  5:58  Zergling x12  
  92  6:06  Zergling x12  
  92  6:07  Baneling  
  92  6:08  Baneling x5  
  98  6:14  Baneling x6  
  98  6:16  Zergling x10  
  102  6:23  Zergling x10  
  103  6:28  Zergling x2  
  103  6:30  Queen  
  95  6:33  Zergling x8  
  95  6:36  Baneling x2  
  93  6:40  Zergling x6  
  94  6:47  Zergling x8  
  94  6:49  Baneling  
  94  6:53  Zergling x10  
  98  6:55  Queen  
  98  6:57  Baneling x4  
  98  6:58  Zergling x2  
  98  6:59  Baneling x2  
  98  7:02  Zerg Melee Weapons Level 2  
  98  7:03  Zergling x2  
  98  7:09  Zergling x10  
  98  7:11  Queen  
  106  7:15  Zergling x2  
  106  7:18  Spore Crawler  
  106  7:20  Zergling x6  
  106  7:27  Zergling x16  
  106  7:29  Zergling x4  
  111  7:30  Zergling x2  
  111  7:35  Zergling x6  
  111  7:36  Zergling x2  
  115  7:37  Drone  
  115  7:43  Roach Warren  
  114  7:46  Drone x4  
  114  7:48  Drone x2  
  114  7:49  Baneling x2  
  117  7:55  Hydralisk Den  
  117  7:56  Drone  
  117  7:58  Baneling x4  
  118  8:00  Baneling  
  118  8:01  Baneling  
  118  8:03  Overlord, Zergling x14  
  125  8:05  Spore Crawler  
  125  8:06  Baneling x4  
  125  8:07  Baneling x2  
  124  8:13  Spore Crawler  
  124  8:14  Spore Crawler  
  124  8:16  Spore Crawler, Drone x3  
  124  8:17  Baneling  
  124  8:19  Spore Crawler  
  123  8:26  Zergling x10  
  119  8:30  Zergling x4  
  119  8:33  Centrifugal Hooks  
  112  8:38  Zergling x4  
  108  8:42  Overseer  
  108  8:43  Drone x2  
  108  8:44  Drone  
  106  8:50  Zergling x6  
  106  8:53  Grooved Spines  
  106  8:54  Drone x2  
  110  8:57  Drone x3  
  110  8:59  Drone  
  114  9:04  Baneling  
  114  9:05  Baneling x2  
  114  9:09  Baneling  
  114  9:10  Hydralisk x3  
  114  9:15  Hydralisk x2  
  124  9:18  Zerg Missile Weapons Level 1  
  124  9:21  Hydralisk x3  
  130  9:28  Hydralisk  
  130  9:29  Baneling  
  130  9:30  Overlord x2, Baneling x3  
  132  9:33  Overlord  
  132  9:49  Hydralisk x8  
  132  9:50  Hydralisk  
  149  9:57  Hatchery  
  149  9:59  Zergling x6  
  151  10:04  Muscular Augments  
  151  10:05  Zergling x12  
  157  10:10  Zergling x2  
  157  10:11  Overlord  
  157  10:12  Overlord  
  157  10:17  Baneling x2  
  157  10:19  Baneling x2  
  157  10:21  Overlord  
  157  10:27  Baneling x2  
  157  10:28  Overlord  
  157  10:30  Overlord  
  157  10:31  Drone x5  
  157  10:32  Drone x4  
  157  10:33  Zergling x12  
  172  10:39  Hydralisk  
  172  10:40  Hydralisk x2  
  177  10:45  Zergling x10  
  181  10:50  Baneling  
  181  10:51  Baneling x4  
  181  10:53  Zergling x14  
  188  10:59  Overlord  
  188  11:00  Overseer  
  188  11:07  Drone x2  
  188  11:10  Zergling x20  
  199  11:19  Baneling x9  
  199  11:20  Baneling x3  
  199  11:23  Zergling x4  
  199  11:36  Overlord x2  
  199  11:41  Baneling x8  
  199  11:45  Baneling x5  
  199  11:52  Zergling x14  
  199  11:55  Baneling x22  
  199  12:03  Zergling x8  
  199  12:04  Zergling x6  
  186  12:12  Zergling x52  
Show
View Real Time Build Order
Export as new Build Order

herO Protoss 

Build Orders: 1 Gate Expand, Oracle Opening, Phoenix Opening 

Get SALT Encoding   

  12  0:00  Probe  
  13  0:12  Probe  
  14  0:17  Pylon  
  14  0:24  Probe (Chrono Boost)  
  15  0:36  Probe (Chrono Boost)  
  15  0:41  Gateway  
  16  0:44  Probe (Chrono Boost)  
  16  0:47  Assimilator  
  17  0:50  Probe  
  18  1:03  Probe  
  19  1:15  Probe  
  20  1:24  Nexus  
  20  1:34  Cybernetics Core  
  20  1:37  Probe  
  21  1:43  Assimilator  
  21  1:49  Probe  
  21  1:53  Pylon  
  22  2:01  Probe (Chrono Boost)  
  23  2:11  Adept  
  23  2:14  Probe (Chrono Boost)  
  26  2:17  Stargate  
  26  2:22  Probe (Chrono Boost)  
  27  2:24  Warp Gate  
  28  2:30  Probe (Chrono Boost)  
  28  2:36  Probe (Chrono Boost)  
  29  2:41  Adept  
  32  2:45  Probe (Chrono Boost)  
  32  2:46  Probe (Chrono Boost)  
  32  2:51  Probe  
  33  2:54  Probe  
  35  2:59  Phoenix (Chrono Boost)  
  35  3:05  Pylon  
  37  3:08  Probe x2  
  39  3:19  Oracle (Chrono Boost), Gateway  
  39  3:21  Pylon  
  39  3:26  Probe  
  39  3:27  Probe  
  44  3:42  Nexus  
  44  3:46  Probe  
  45  3:49  Probe, Oracle (Chrono Boost)  
  45  3:55  Assimilator  
  49  3:59  Assimilator  
  49  4:04  Probe, Twilight Council  
  49  4:06  Probe  
  51  4:16  Probe  
  52  4:18  Adept, Probe  
  52  4:19  Adept  
  52  4:20  Pylon  
  57  4:25  Gateway  
  57  4:30  Gateway  
  57  4:36  Probe x2  
  59  4:48  Charge (Chrono Boost)  
  59  4:50  Gateway x2  
  61  4:54  Probe  
  61  4:59  Gateway  
  60  5:01  Gateway  
  60  5:02  Pylon  
  60  5:06  Probe  
  61  5:15  Zealot x2  
  61  5:19  Pylon  
  61  5:20  Probe (Chrono Boost)  
  68  5:22  Probe (Chrono Boost)  
  68  5:23  Probe (Chrono Boost)  
  68  5:24  Shield Battery  
  68  5:31  Zealot x2  
  68  5:32  Probe (Chrono Boost)  
  73  5:37  Zealot x2  
  73  5:38  Pylon  
  73  5:42  Probe x2 (Chrono Boost)  
  79  5:43  Oracle, Probe  
  83  5:54  Zealot x2  
  83  5:55  Probe  
  88  5:59  Zealot  
  88  6:00  Zealot x3  
  96  6:06  Pylon  
  96  6:07  Zealot  
  98  6:15  Zealot x3  
  102  6:20  Oracle (Chrono Boost)  
  101  6:26  Zealot x4  
  95  6:33  Zealot  
  95  6:35  Zealot x2  
  95  6:36  Zealot  
  93  6:52  Zealot x4  
  93  6:53  Oracle (Chrono Boost)  
  96  6:56  Zealot x4  
  96  6:58  Probe x3  
  97  7:10  Pylon  
  97  7:11  Blink (Chrono Boost)  
  87  7:17  Forge  
  87  7:19  Probe x2  
  87  7:20  Probe  
  87  7:21  Oracle (Chrono Boost)  
  93  7:25  Sentry x2  
  93  7:26  Zealot x4  
  93  7:28  Zealot  
  90  7:33  Zealot  
  92  7:37  Shield Battery  
  92  7:50  Nexus  
  92  7:52  Pylon, Probe x3, Assimilator  
  92  7:53  Assimilator  
  92  7:54  Protoss Ground Weapons Level 1 (Chrono Boost)  
  95  7:58  Photon Cannon  
  95  8:02  Oracle (Chrono Boost)  
  95  8:04  Probe x2  
  100  8:12  Zealot x3  
  106  8:13  Probe  
  106  8:16  Probe x2, Zealot  
  106  8:17  Pylon  
  111  8:22  Zealot x2  
  106  8:28  Probe x2  
  106  8:29  Zealot x2  
  96  8:37  Zealot x4  
  91  8:43  Sentry  
  91  8:45  Sentry  
  83  8:54  Oracle (Chrono Boost)  
  80  8:58  Zealot x5  
  80  8:59  Zealot  
  80  9:01  Photon Cannon  
  95  9:14  Templar Archives  
  95  9:16  Nexus, Pylon  
  95  9:24  Pylon, Probe x2  
  95  9:26  Probe  
  98  9:32  Zealot x7  
  98  9:36  Probe x2  
  114  9:38  Photon Cannon  
  114  9:41  Shield Battery  
  114  9:44  Zealot  
  114  9:45  Probe  
  117  9:48  Probe x2  
  119  9:53  High Templar  
  119  9:54  High Templar  
  119  9:55  Assimilator x2  
  119  9:56  High Templar x2  
  119  9:57  Probe  
  128  10:00  Archon  
  128  10:01  Archon  
  128  10:05  Probe x2  
  130  10:09  Probe  
  130  10:12  Robotics Facility  
  130  10:14  Robotics Facility  
  131  10:15  Shield Battery  
  131  10:20  Photon Cannon  
  131  10:23  High Templar  
  131  10:27  Pylon x2  
  133  10:28  High Templar  
  133  10:29  Zealot x3  
  133  10:34  Shield Battery  
  141  10:35  Pylon  
  141  10:36  Archon  
  141  10:38  Probe x3  
  141  10:39  Probe  
  139  10:52  Photon Cannon  
  139  10:57  Immortal (Chrono Boost)  
  139  10:58  Photon Cannon  
  139  10:59  Photon Cannon  
  144  11:04  Fleet Beacon  
  144  11:05  High Templar x2  
  144  11:07  Observer (Chrono Boost)  
  147  11:23  Immortal (Chrono Boost)  
  151  11:28  Photon Cannon  
  151  11:29  Immortal (Chrono Boost), High Templar x2  
  159  11:33  Shield Battery  
  159  11:35  Photon Cannon  
  159  11:44  Photon Cannon  
  159  11:45  Pylon, Stargate  
  159  11:51  Zealot x5  
  155  11:59  Archon x2  
  159  12:06  Probe  
  159  12:07  Probe  
  146  12:11  Probe  

Tags
 
Add a new tag
Caveats
  • Supply blocks, unpowered buildings, or Contaminate may cause inaccurate times.
  • Supply counts are checked every 10 seconds.